AoeStats
← De1moS

Four Lakes

510174485Analyzed
1v1 RM · 17d ago on Sep 29, 2026· 33m 0s· 2 players
Game mode
Random Map
Map size
Tiny (2 player)
Population
200
Speed
Normal
Resources
Standard
Victory
Conquest
Starting age
Dark Age
Ending age
Imperial Age
RankedLock teamsTeams togetherTeam positionsShared explorationLock speedFull tech treeHidden civsTurbo modeCheats
Victory
Defeat
🇦🇷 Magyars · Argentina
1149
+16
vs
🇮🇳 Varangians · India
1139
-16
De1moS
7:54 Loom
10:41 Feudal Age
11:34 Double-Bit Axe
12:31 Bloodlines
18:58 Fletching
23:37 Castle Age
22:52 Scale Barding Armor
22:58 Forging
25:18 Wheelbarrow
28:59 Husbandry
31:44 Chain Barding Armor
totekazee
7:33 Loom
11:09 Feudal Age
11:12 Man-at-Arms
11:45 Fishing Lines
11:55 Arson
12:14 Double-Bit Axe
19:45 Castle Age
22:31 Gillnets
25:32 Bloodlines
26:09 Wheelbarrow
25:44 Scale Barding Armor
25:35 Pikeman
28:39 Scale Mail Armor
28:57 Town Watch
30:21 Chain Mail Armor
30:43 Husbandry
33:45 Thumb Ring
Connection lost

Rejoining the realm…

Still unreachable

The connection could not be restored.

Session expired

The server has moved on; the page needs a fresh start.